Map: Terraform LE (Void)

Players

wabbajack - Winner!

  • Race: Zerg Zerg
  • League: Grandmaster

Houdini

  • Race: Terran Terran
  • League: Grandmaster

VOD

Have the link to the VOD?

Description

Time

  • Played on: July 15, 2015, 1:57 p.m.
  • Length: 6:17
Show
View Real Time Build Order
Export as new Build Order

wabbajack Zerg - Winner!

Build Orders: Hatch First, Ravager All-In 

Get SALT Encoding   

  12  0:01  Drone  
  13  0:13  Overlord  
  13  0:17  Drone  
  14  0:24  Drone, Extractor  
  15  0:32  Drone  
  16  0:36  Drone  
  17  0:55  Hatchery  
  16  1:00  Drone x2  
  16  1:03  Extractor  
  17  1:08  Drone  
  18  1:21  Spawning Pool  
  18  1:24  Drone  
  18  1:29  Drone  
  19  1:41  Overlord  
  19  1:59  Drone  
  20  2:02  Drone  
  21  2:08  Queen  
  21  2:09  Queen  
  21  2:10  Metabolic Boost  
  21  2:12  Zergling x2  
  21  2:14  Drone  
  27  2:19  Drone  
  28  2:23  Drone  
  28  2:29  Drone  
  30  2:34  Drone  
  31  2:39  Roach Warren  
  30  2:46  Extractor  
  30  2:50  Drone  
  30  2:51  Drone x2  
  32  2:57  Overlord  
  32  3:00  Overlord  
  32  3:08  Overlord  
  32  3:17  Drone  
  33  3:22  Roach x2  
  33  3:23  Roach x2  
  33  3:26  Roach x2  
  45  3:31  Roach  
  45  3:33  Roach  
  49  3:35  Roach  
  49  3:40  Overlord  
  51  4:03  Zergling x20  
  60  4:12  Overlord  
  60  4:30  Ravager x2  
  60  4:31  Ravager x2  
  64  4:32  Ravager  
  64  4:36  Zergling x18  
  64  4:37  Zergling x2  
  75  4:42  Overlord  
  70  5:24  Zergling x20  
  70  5:25  Zergling x2  
  81  5:46  Hatchery  
Show
View Real Time Build Order
Export as new Build Order

Houdini Terran 

Build Orders:  

Get SALT Encoding   

  12  0:11  Supply Depot  
  12  0:21  Supply Depot  
  12  0:38  Supply Depot  
  12  0:51  Barracks  
  12  1:12  Refinery  
  12  1:13  SCV  
  13  1:25  SCV  
  14  1:37  SCV  
  15  1:40  Marine  
  16  1:49  SCV  
  17  1:55  Barracks  
  17  1:58  Marine  
  18  2:16  Marine  
  18  2:18  Engineering Bay  
  18  2:21  Refinery  
  19  2:25  Orbital Command  
  19  2:34  Marine  
  20  2:43  Barracks Tech Lab  
  20  2:49  Factory  
  20  2:52  Marine  
  21  3:00  SCV  
  22  3:09  Marine  
  22  3:12  SCV  
  24  3:15  Marauder  
  26  3:24  SCV  
  27  3:27  Marine  
  28  3:36  SCV  
  29  3:49  SCV  
  29  3:51  Starport  
  30  4:01  Marauder  
  32  4:04  Concussive Shells  
  32  4:08  Marine  
  33  4:17  Factory Tech Lab  
  33  4:23  Marauder  
  35  4:25  Liberator  
  35  4:26  Marine  
  39  4:49  Supply Depot  
  39  5:00  Marine  
Tags
 
Add a new tag
Caveats
  • Supply blocks, unpowered buildings, or Contaminate may cause inaccurate times.
  • Supply counts are checked every 10 seconds.